 Dungeon Crawl Stone Soup version 0.29.1-2-gbd0b4ee654 (webtiles) character file.

Game seed: 10723611057837023849

942 horus123 the Magician (level 8, -9/62 HPs)
             Began as a Human Wanderer on Nov 9, 2022.
             Was an Initiate of Vehumet.
             Shot with an arrow by a centaur (10 damage)
             ... on level 5 of the Dungeon.
             The game lasted 00:08:00 (5400 turns).

horus123 the Magician (Human Wanderer)              Turns: 5400, Time: 00:08:01

Health: -9/62      AC:  5    Str: 18    XL:     8   Next: 34%
Magic:  14/17      EV: 10    Int: 12    God:    Vehumet [......]
Gold:   274        SH:  0    Dex: 10    Spells: 15/19 levels left

rFire   . . .      SeeInvis .   a - +2 spear
rCold   . . .      Faith    .   (no shield)
rNeg    . . .      Spirit   .   b - +0 ring mail
rPois   .          Reflect  .   (no helmet)
rElec   .          Harm     .   (no cloak)
rCorr   .          Rampage  .   (no gloves)
Will    .....                   (no boots)
Stlth   +.........              (no amulet)
HPRegen 0.20/turn               n - +4 ring of slaying
MPRegen 0.15/turn               (no ring)

@: no status effects
A: no striking features
a: Renounce Religion


You were on level 5 of the Dungeon.
You worshipped Vehumet.
Vehumet was noncommittal.
You visited 1 branch of the dungeon, and saw 5 of its levels.

You collected 274 gold pieces.

Inventory:

Hand Weapons
 a - a +2 spear (weapon)
 u - a +0 arbalest
Armour
 b - a +0 ring mail (worn)
Jewellery
 n - a +4 ring of slaying (left hand)
Wands
 t - a wand of mindburst (15)
Scrolls
 c - a scroll of summoning
 d - 2 scrolls of poison
 f - a scroll of enchant weapon {unknown}
 h - a scroll of amnesia {unknown}
 i - a scroll of magic mapping {unknown}
 k - 6 scrolls of identify {unknown}
 l - 2 scrolls of noise {unknown}
 m - a scroll of brand weapon {unknown}
 o - 2 scrolls of enchant armour {unknown}
 r - 3 scrolls of immolation {unknown}
 v - a scroll of teleportation {unknown}
 w - a scroll of vulnerability {unknown}
Potions
 e - a potion of attraction {unknown}
 g - a potion of haste {unknown}
 j - 3 potions of lignification {unknown}
 p - 2 potions of curing {unknown}
 q - a potion of berserk rage {unknown}
 s - a potion of flight {unknown}


   Skills:
 - Level 5.0 Fighting
 - Level 2.0 Polearms
 - Level 2.0 Armour
 - Level 1.0 Stealth
 + Level 6.3 Spellcasting
 - Level 5.0 Ice Magic
 - Level 1.0 Evocations


You had 15 spell levels left.
You knew the following spells:

 Your Spells              Type           Power      Damage    Failure   Level
a - Freeze                Ice            60%        1d8       4%          1
b - Ozocubu's Armour      Ice            15%        N/A       12%         3

Your spell library contained the following spells:

 Spells                   Type           Power      Damage    Failure   Level
 Wereblood                Tmut           3%         N/A       43%         2
 Ice Form                 Ice/Tmut       9%         N/A       73%         4
 Olgreb's Toxic Radiance  Pois           3%         N/A       97%         4


Dungeon Overview and Level Annotations

Branches:
Dungeon (5/15)
 Temple: D:4-7

Altars:
Ashenzari
Vehumet


Message History

The hound barks!
An orc wizard comes into view. It is wielding a +0 dagger.
Items here: )) ? [[.
The hound bites you but does no damage.
Aiming: Freeze (safe; 4% risk of failure)
Press: ? - help, Q - select action, (/) - cycle Shift-Dir - straight line, f - hound
Aim: a hound You freeze the hound.
The hound is moderately wounded.
The hound barely misses you.
You puncture the hound!
The hound is almost dead.
The hound bites you but does no damage. x2
You hit the hound.
You kill the hound!
Vehumet accepts your kill. The orc hits you but does no damage.
You see here a hound corpse.
The orc attacks as you move away! The orc closely misses you.
A centaur comes into view.
The centaur wields a +0 shortbow.
The centaur shoots an arrow.
The arrow hits you.
* * * LOW HITPOINT WARNING * * *
An orc wizard comes into view. It is wielding a +0 dagger.
The orc attacks as you move away! The orc hits you with a +0 flail.
* * * LOW HITPOINT WARNING * * *
Found a scroll labelled WUBUGU RABU.
The orc wizard shouts!
The centaur shoots an arrow.
The arrow closely misses you.
An orc warrior comes into view. It is wielding a +0 long sword.
Okay, then.
Aiming: Mindburst
Press: ? - help, Shift-Dir - straight line, f - centaur
Aim: a centaur, wielding a +0 shortbow (chance to affect: 69%)
The centaur's mind is blasted!
The orc warrior shouts!
The centaur shoots an arrow.
The arrow hits you!
* * * LOW HITPOINT WARNING * * *
The centaur shoots an arrow.
The arrow hits you!
You die...

.<..##..##.####...####..#
.†..##..............##..#
#.####...#.#####.##.##..#
..####...........##.##..#
####....o...............#
....55K.......#####..#..#
####.##..#o########.....#
#.##..#.o).†o.##...#.#
#K##..#######@##.....#
#5##..# #........#.#
..##..# #........#.#
#...... ..........#.#
#.##### ###..c.....# #.#
.........# .#.....#..#
#?#.....#..#


You could see an orc warrior, a centaur, an orc wizard and an orc.

Vanquished Creatures
  Pikel (D:5)
  An ogre (D:4)
  A kobold brigand (D:3)
  2 scorpions
  2 hounds
  An iguana (D:5)
  7 adders
  3 worms (D:2)
  3 dart slugs
  An orc (D:5)
  6 ball pythons
  6 endoplasms
  2 giant cockroaches (D:2)
  5 goblins
  8 hobgoblins
  4 jackals (D:4)
  A quokka (D:3)
  9 bats
  4 frilled lizards
  5 kobolds
  7 rats
79 creatures vanquished.

Notes
Turn   | Place    | Note
-------+----------+-------------------------------------------
     0 | D:1      | horus123 the Human Wanderer began the quest for the Orb.
     0 | D:1      | horus123 set off with the following items: a +2 spear, a +0
                  | ring mail, a scroll of summoning; and the following spell
                  | memorised: Freeze; and the following spells available to
                  | memorise: Ozocubu's Armour.
     0 | D:1      | Reached XP level 1. HP: 13/13 MP: 5/5
   254 | D:1      | Reached skill level 1 in Ice Magic
   545 | D:1      | Reached XP level 2. HP: 19/19 MP: 4/7
  1046 | D:1      | Noticed a great orb of eyes
  1051 | D:1      | Noticed a golden eye
  1053 | D:1      | Found a faded altar of an unknown god.
  1055 | D:1      | Noticed a shining eye
  1055 | D:1      | Noticed a floating eye
  1134 | D:1      | Reached XP level 3. HP: 24/24 MP: 8/8
  1138 | D:1      | Learned a level 3 spell: Ozocubu's Armour
  1356 | D:1      | Got the Vellum of Rank Transmogrification
  1870 | D:2      | Reached XP level 4. HP: 24/30 MP: 3/10
  2318 | D:2      | Reached XP level 5. HP: 15/35 MP: 3/11
  2827 | D:2      | Reached skill level 5 in Ice Magic
  3043 | D:2      | Reached skill level 1 in Fighting
  3124 | D:2      | Reached XP level 6. HP: 41/43 MP: 12/12
  3705 | D:3      | Found a broken altar of Ashenzari.
  3705 | D:3      | Found a radiant altar of Vehumet.
  3709 | D:3      | Became a worshipper of Vehumet
  4235 | D:4      | Noticed an ogre
  4248 | D:4      | Killed an ogre
  4249 | D:4      | Reached XP level 7. HP: 25/53 MP: 6/13
  5197 | D:5      | Entered Level 5 of the Dungeon
  5324 | D:5      | Noticed Pikel
  5347 | D:5      | Killed Pikel
  5348 | D:5      | Reached skill level 5 in Fighting
  5348 | D:5      | Reached skill level 6 in Spellcasting
  5348 | D:5      | Reached XP level 8. HP: 10/62 MP: 7/17
  5400 | D:5      | HP: 1/62 [centaur/arrow (12)]
  5400 | D:5      | Shot with an arrow by a centaur

Illustrated notes

Levels and vault maps discovered:
D:1:      nzn_arrival_water_spiral, layout_loops_corners,
          hellmonk_ecumenical_altar_watching_god
D:2:      layout_loops_corners, st_stairs_10, minmay_misc_feat_encased
D:3:      layout_basic, tgw_xom, gammafunk_temple_overflow_wave
D:4:      layout_basic
D:5:      layout_loops_ring, lemuel_doored_altar, amcnicky_altar_gilded,
          minivault_1, uniq_pikel

Skill      XL: |  1  2  3  4  5  6  7 |
---------------+----------------------+-----
Ice Magic      | 1 2 3 4 5 |  5.0
Fighting       | 1 3 5 |  5.0
Spellcasting   | 6 |  6.3
Polearms       | |  2.0
Armour         | |  2.0
Stealth        | |  1.0
Evocations     | |  1.0

Action                   |  1- 3 |  4- 6 |  7- 9 || total
-------------------------+-------+-------+-------++-------
Melee: Spear             |    72 |    73 |    41 ||   186
 Cast: Freeze            |    19 |    39 |    11 ||    69
       Ozocubu's Armour  |       |     1 |       ||     1
Evoke: Wand              |       |       |     2 ||     2
  Use: Scroll            |       |     2 |       ||     2
Armor: Ring mail         |    27 |    24 |    16 ||    67
Dodge: Dodged            |    34 |    35 |    22 ||    91
